 Dungeon Crawl Stone Soup version 0.32-a0-928-g1cae6b7ea0 (webtiles) character file.

Game seed: 18072559772999974478

153 horus123 the Cudgeller (level 5, 0/45 HPs)
             Began as a Mountain Dwarf Cinder Acolyte on Apr 12, 2024.
             Was a Priest of Ignis.
             Slain by AutarchDCSS's ghost (4 damage)
             ... on level 3 of the Dungeon.
             The game lasted 00:06:37 (2647 turns).

horus123 the Cudgeller (MDCA)                       Turns: 2647, Time: 00:06:38

Health: 0/45       AC: 11    Str: 17    XL:     5   Next: 12%
Magic:  10/10      EV:  9    Int: 21    God:    Ignis [***...]
Gold:   138        SH:  3    Dex:  5    Spells: 8/10 levels left

rFire   + + .        a - -1 mace (flame)
rCold   x . .        v - +1 buckler
rNeg    . . .        p - +1 leather armour of Pabrotex {*Corrode Int+5}
rPois   .            (no helmet)
rElec   .            o - +2 cloak
rCorr   .            (no gloves)
SInv    .            e - +0 pair of boots
Will    .....        (no amulet)
Stlth   +            w - ring of fire
HPRegen 0.27/turn    (no ring)
MPRegen 0.12/turn

%: corrode self (3%)
@: corroded, fiery-armoured
A: runic magic, artefact enchanting
a: Renounce Religion, Fiery Armour, Foxfire Swarm, Rising Flame


You were on level 3 of the Dungeon.
You worshipped Ignis.
Ignis was most pleased with you.
You visited 1 branch of the dungeon, and saw 3 of its levels.

You collected 138 gold pieces.

Inventory:

Hand Weapons
 a - a -1 mace of flaming (weapon)
 d - a +4 quarterstaff of chaos
Armour
 b - a +0 robe
 c - a +0 leather armour
 e - a +0 pair of boots (worn)
 f - a +0 ring mail
 m - a +0 scale mail
 o - a +2 cloak (worn)
 p - the +1 leather armour of Pabrotex (worn) {*Corrode Int+5}
   (You found it on level 3 of the Dungeon)

   Int+5:     It affects your intelligence (+5).
   *Corrode:  It may corrode you when you take damage.
 v - a +1 buckler (worn)
Jewellery
 w - a ring of fire (left hand)
Wands
 q - a wand of flame (14)
Scrolls
 i - 2 scrolls of immolation
 n - a scroll of vulnerability {unknown}
 s - a scroll of fear {unknown}
Potions
 h - a potion of lignification {unknown}
 j - 2 potions of heal wounds {unknown}
 k - a potion of invisibility {unknown}
 l - a potion of enlightenment {unknown}
 r - a potion of curing {unknown}
 t - a potion of mutation {unknown}
 u - 3 potions of might {unknown}


   Skills:
 - Level 3.2 Fighting
 - Level 5.0 Maces & Flails
 + Level 3.4 Spellcasting
 - Level 3.6 Fire Magic


You had 8 spell levels left.
You knew the following spells:

 Your Spells              Type           Power      Damage    Failure   Level
a - Scorch                Fire           56%        2d7       6%          2

Your spell library contained the following spells:

 Spells                   Type           Power      Damage    Failure   Level


Dungeon Overview and Level Annotations

Branches:
Dungeon (3/15)

Altars:
Qazlal

Annotations:
D:3 1 transporter, AutarchDCSS's ghost, amateur DrCK


Innate Abilities, Weirdness & Mutations

Your spellcasting is much less encumbered by armour.
You can use scrolls of enchantment on lesser artefacts.


Message History

You hit AutarchDCSS's ghost but do no damage.
AutarchDCSS's ghost is heavily damaged.
The gnoll hits you but does no damage. The gnoll barely misses you.
AutarchDCSS's ghost hits you but does no damage.
AutarchDCSS's ghost is burned by your cloak of flames.
AutarchDCSS's ghost is severely damaged.
You hit AutarchDCSS's ghost but do no damage.
AutarchDCSS's ghost is severely damaged.
The gnoll misses you. The gnoll hits you but does no damage.
AutarchDCSS's ghost hits you but does no damage.
AutarchDCSS's ghost is burned by your cloak of flames.
AutarchDCSS's ghost is severely damaged.
The gnoll hits you from afar with a +0 halberd of electrocution.
* * * LOW HITPOINT WARNING * * *
Your corrosive artefact corrodes you!
Your cloak of flame flares fiercely!
The gnoll hits you but does no damage. AutarchDCSS's ghost closely misses you.
The gnoll closely misses you.
Unknown command.
Activating: Foxfire Swarm
Press: ? - help, Dir - look around, f - activate Flames leap up around you!
You block the gnoll's attack. AutarchDCSS's ghost hits you.
* * * LOW HITPOINT WARNING * * *
AutarchDCSS's ghost is burned by your cloak of flames.
AutarchDCSS's ghost is almost destroyed.
The gnoll hits you from afar with a +0 halberd of electrocution.
* * * LOW HITPOINT WARNING * * *
Unknown command.
The foxfire hits the gnoll.
The gnoll is lightly wounded.
The foxfire hits the gnoll!
The gnoll is severely wounded.
The foxfire hits AutarchDCSS's ghost but does no damage.
AutarchDCSS's ghost is almost destroyed.
You block the gnoll's attack. AutarchDCSS's ghost barely misses you.
The gnoll closely misses you.
Your cloak of flame flares fiercely!
The gnoll barely misses you. AutarchDCSS's ghost hits you.
You die...
Ignis goes out, and joins you in death.

#.≈≈###.##'##.###≈≈..#
#.≈≈..#.#...#.#..≈≈..#
#.≈≈.##.'...'.##.≈≈..#
#.≈≈.#gg#...#..#.≈≈..#
##.≈≈.##.##.##.##.≈≈..#
#......#.#...#.#..≈≈..#
###.....©#.'.©gg.#©.~~..#
#....÷...#.#ß⌠ß#W#..≈≈..#
#.#..≈≈.##.#####@##.≈≈..#
#.#..≈≈.#©.#$:=#).#.≈≈..#
#.#..≈≈.##.#...#g##.≈≈..#
#.#..≈≈..#?#$$$#g#..≈≈..#
#....≈≈###.##'##.###≈≈..#
#....≈≈#...........#≈≈..#
...#.≈≈##.###g###.##≈≈..#
.....≈≈#g.#ß###ß#..#≈≈..#
#÷##.≈≈####.....####≈≈..#


You could see AutarchDCSS's ghost and 3 gnolls.

Vanquished Creatures
  Crazy Yiuf (D:3)
  Ijyb (D:3)
  2 adders (D:2)
  A gnoll (D:3)
  2 dart slugs (D:3)
  A ribbon worm (D:3)
  4 ball pythons
  6 endoplasms
  2 giant cockroaches
  5 goblins (D:2)
  6 hobgoblins
  4 jackals (D:3)
  8 kobolds
  4 quokkas
  7 bats
  4 frilled lizards
  7 rats
65 creatures vanquished.

Vanquished Creatures (others)
  8 foxfires (D:3)
8 creatures vanquished.

Grand Total: 73 creatures vanquished

Notes
Turn   | Place    | Note
-------+----------+-------------------------------------------
     0 | D:1      | horus123 the Mountain Dwarf Cinder Acolyte began the quest
                  | for the Orb.
     0 | D:1      | Reached XP level 1. HP: 19/19 MP: 2/2
    64 | D:1      | Reached skill level 4 in Maces & Flails
   185 | D:1      | Reached XP level 2. HP: 25/26 MP: 3/3
   305 | D:1      | Learned a level 2 spell: Scorch
   440 | D:1      | Reached skill level 5 in Maces & Flails
   647 | D:2      | Found a stormy altar of Qazlal.
   650 | D:2      | Reached XP level 3. HP: 30/31 MP: 4/4
   820 | D:2      | Found a faded altar of an unknown god.
  1411 | D:2      | Reached XP level 4. HP: 37/38 MP: 7/7
  1504 | D:3      | Noticed Ijyb
  1515 | D:3      | Killed Ijyb
  1578 | D:3      | Identified the +1 leather armour of Pabrotex {*Corrode
                  | Int+5}
  1788 | D:3      | Found a runed translucent door.
  1789 | D:3      | Noticed Crazy Yiuf
  1970 | D:3      | Found a transporter.
  1976 | D:3      | Found a transporter.
  1980 | D:3      | Noticed AutarchDCSS's ghost (amateur DrCK)
  2439 | D:3      | Killed Crazy Yiuf
  2440 | D:3      | Reached XP level 5. HP: 11/45 MP: 0/10
  2647 | D:3      | Slain by AutarchDCSS's ghost

Illustrated notes

Levels and vault maps discovered:
D:1:      hellmonk_arrival_library, layout_rooms
D:2:      layout_loops_ring, basic_altar, hellmonk_ecumenical_altar_run_dry
D:3:      layout_loops_ring, gammafunk_ghost_gnarly_gnolls,
          uniq_crazy_yiuf_cottage, uniq_ijyb

Skill      XL: |  1  2  3  4 |
---------------+-------------+-----
Maces & Flails | 4 5 |  5.0
Spellcasting   | 2 3 |  3.4
Fighting       | |  3.2
Fire Magic     | |  3.6

Action                     |  1- 3 |  4- 6 || total
---------------------------+-------+-------++-------
  Melee: Mace              |   141 |    43 ||   184
   Cast: Scorch            |       |    13 ||    13
 Invoke: Foxfire Swarm     |       |     3 ||     3
         Fiery Armour      |       |     3 ||     3
    Use: Scroll            |       |     3 ||     3
 Armour: Robe              |    16 |       ||    16
         Leather armour    |    83 |    52 ||   135
  Dodge: Dodged            |    88 |    41 ||   129
  Block: Buckler           |       |     8 ||     8

Table legend: (Time is in decaauts)
 A = Elapsed time spent in this place.
 B = Non-inter-level travel time spent in this place.
 C = Inter-level travel time spent in this place.
 D = Time resting spent in this place.
 E = Time spent auto-exploring this place.
 F = Levels seen in this place.
 G = Mean time per level.
                   A        B        C        D        E       F      G
               +--------+--------+--------+--------+--------+-----+--------+
         Total |   2676 |   2586 |     90 |    270 |   1712 |   3 |  892.0 |
       Dungeon |   2676 |   2586 |     90 |    270 |   1712 |   3 |  892.0 |
               +--------+--------+--------+--------+--------+-----+--------+

Top non-repeatable levels by time:
     D:3: 1182 daAuts
     D:2: 838 daAuts
     D:1: 655 daAuts
